[Event "Titled Tuesday Blitz June 28 Early 2022"]
[White "Barp, Alberto"]
[Black "Seliverstov, Vladimir"]
[WhiteFideId "872555"]
[BlackFideId "4192036"]
[WhiteElo "2229"]
[BlackElo "2489"]
[Result "0-1"]
[Round "03"]
[TimeControl "180+1"]
[Date "2022.06.28"]
[WhiteClock "0:00:21"]
[BlackClock "0:00:17"]

1. d4 d5 2. Nf3 Nf6 3. Bf4 c5 4. e3 Nc6 5. Nbd2 e6 6. c3 Nh5 7. Bg5 f6 8. Bh4 g6 9. Be2 Be7 10. O-O O-O 11. c4 cxd4 12. exd4 Nf4 13. cxd5 Nxe2+ 14. Qxe2 Qxd5 15. Rfd1 g5 16. Bg3 g4 17. Ne1 f5 18. Nb3 f4 19. Qxg4+ Kh8 20. Bxf4 e5 21. Bxe5+ Nxe5 22. dxe5 Qxb3 23. Qxc8 Qb6 24. Qc2 Rxf2 25. Qxf2 Bc5 26. Qxc5 Qxc5+ 27. Kh1 Qxe5 28. Nd3 Qg7 29. Nf4 Qxb2 30. Rab1 Qxa2 31. Rxb7 Qa4 32. Rf1 Qc4 33. Kg1 Qc5+ 34. Kh1 Qc4 35. Kg1 a5 36. g3 a4 37. Nh3 a3 38. Rff7 Qd4+ 39. Nf2 a2 40. Rxh7+ Kg8 0-1


[Site "https://www.chess.com"]

[Event "Titled Tuesday Blitz June 28 Early 2022"]
[White "Beerdsen, Thomas"]
[Black "Pham, Tran Gia Phuc"]
[WhiteFideId "1030108"]
[BlackFideId "12415669"]
[WhiteElo "2585"]
[BlackElo "1789"]
[Result "1-0"]
[Round "03"]
[TimeControl "180+1"]
[Date "2022.06.28"]
[WhiteClock "0:01:43"]
[BlackClock "0:01:17"]

1. e4 c5 2. Nf3 d6 3. d4 cxd4 4. Nxd4 Nf6 5. Nc3 a6 6. a3 Nc6 7. Bc4 g6 8. h3 Bg7 9. Nf3 O-O 10. O-O b5 11. Ba2 Bb7 12. Qe2 b4 13. axb4 Nxb4 14. Bb3 Qc7 15. Rd1 Nd7 16. Bg5 Nc5 17. Bd5 Nxd5 18. exd5 e5 19. dxe6 fxe6 20. Nd4 e5 21. Nb3 Nxb3 22. cxb3 Rac8 23. Rd2 Rf5 24. Be3 e4 25. Rad1 Be5 26. Bd4 Re8 27. Bxe5 Rfxe5 28. Rxd6 e3 29. Rd7 Qc6 30. f3 Bc8 31. Rd8 Be6 32. Rxe8+ Qxe8 33. f4 Rc5 34. Qxe3 Rc8 35. Ne4 Qe7 36. Ng5 Re8 37. Re1 1-0


[Site "https://www.chess.com"]

[Event "Titled Tuesday Blitz June 28 Early 2022"]
[White "Bharath Subramaniyam H"]
[Black "Bagrationi, Alexander"]
[WhiteFideId "46634827"]
[BlackFideId "14104954"]
[WhiteElo "2242"]
[BlackElo "2398"]
[Result "1-0"]
[Round "03"]
[TimeControl "180+1"]
[Date "2022.06.28"]
[WhiteClock "0:02:44"]
[BlackClock "0:01:58"]

1. d4 d5 2. Nc3 Nf6 3. Bf4 c5 4. e4 dxe4 5. dxc5 Nbd7 6. Bb5 a6 7. c6 axb5 8. c7 e5 9. cxd8=Q+ Kxd8 10. Bxe5 Be7 11. Nge2 1-0


[Site "https://www.chess.com"]

[Event "Titled Tuesday Blitz June 28 Early 2022"]
[White "Blokhin, Sofia"]
[Black "Mikhalsky, Vladimir"]
[WhiteFideId "4508190"]
[BlackFideId "14144352"]
[WhiteElo "1760"]
[BlackElo "2301"]
[Result "1-0"]
[Round "03"]
[TimeControl "180+1"]
[Date "2022.06.28"]
[WhiteClock "0:00:06"]
[BlackClock "0:00:23"]

1. d4 Nf6 2. c4 g6 3. Nc3 Bg7 4. e4 O-O 5. f3 d6 6. Be3 Nc6 7. g4 e5 8. d5 Nd4 9. h4 h5 10. g5 Nd7 11. Qd2 c5 12. dxc6 bxc6 13. O-O-O Rb8 14. Nce2 c5 15. Nc3 Qa5 16. Kb1 Nb6 17. Nd5 Qa6 18. Nf6+ Kh8 19. Bxd4 exd4 20. Rc1 Na4 21. b3 Nc3+ 22. Rxc3 dxc3 23. Qxc3 Be6 24. Nh3 Rfd8 25. Nf4 Qb7 26. Bh3 Bxh3 27. Rxh3 Qe7 28. N4d5 Qe5 29. Qd2 Re8 30. f4 Qe6 31. Rf3 Ra8 32. Nc7 Qe7 33. Nxa8 Bxf6 34. gxf6 Qb7 35. f5 Qxe4+ 36. Rd3 Rxa8 37. Qh6+ Kg8 38. Qg7# 1-0


[Site "https://www.chess.com"]

[Event "Titled Tuesday Blitz June 28 Early 2022"]
[White "Bluebaum, Matthias"]
[Black "Harvey, Marcus R"]
[WhiteFideId "24651516"]
[BlackFideId "400092"]
[WhiteElo "2556"]
[BlackElo "2485"]
[Result "1-0"]
[Round "03"]
[TimeControl "180+1"]
[Date "2022.06.28"]
[WhiteClock "0:00:21"]
[BlackClock "0:00:02"]

1. d4 Nf6 2. c4 e6 3. Nc3 Bb4 4. e3 O-O 5. Bd2 d5 6. Nf3 b6 7. cxd5 exd5 8. Rc1 Bb7 9. Bd3 c5 10. a3 Bxc3 11. Bxc3 c4 12. Bb1 Nc6 13. O-O Re8 14. Ne5 a5 15. a4 Nb4 16. f4 Qd6 17. Qf3 Rac8 18. Qg3 Ne4 19. Bxe4 dxe4 20. d5 f6 21. Ng4 Nxd5 22. Rcd1 Kh8 23. Qh4 Rf8 24. Bd4 Qe6 25. f5 Qe8 26. Nf2 c3 27. bxc3 Nxc3 28. Bxc3 Rxc3 29. Nh3 Rc5 30. g4 Kg8 31. Nf4 Bc8 32. Rd4 Qf7 33. Rfd1 Re8 34. Nd5 b5 35. axb5 Rxb5 36. Qg3 Rc5 37. g5 fxg5 38. Qxg5 Bxf5 39. Nf4 h6 40. Qg3 Kh7 41. Rf1 Bc8 42. h4 g5 43. Nd5 Qg6 44. Nf6+ Kg7 45. Nxe8+ Qxe8 46. Qd6 Re5 47. Qf6+ Kh7 48. Rd8 Re6 49. Rxe8 1-0


[Site "https://www.chess.com"]

[Event "Titled Tuesday Blitz June 28 Early 2022"]
[White "Bommini, Mounika Akshaya"]
[Black "Malyi, Viacheslav"]
[WhiteFideId "25019872"]
[BlackFideId "14123983"]
[WhiteElo "1680"]
[BlackElo "2270"]
[Result "0-1"]
[Round "03"]
[TimeControl "180+1"]
[Date "2022.06.28"]
[WhiteClock "0:00:12"]
[BlackClock "0:01:22"]

1. d4 Nf6 2. c4 e6 3. Nc3 d5 4. cxd5 exd5 5. Nf3 c6 6. Bf4 Bf5 7. e3 Nbd7 8. Bd3 Bxd3 9. Qxd3 Be7 10. O-O O-O 11. a3 Re8 12. b4 Bf8 13. b5 Ne4 14. bxc6 bxc6 15. Rfc1 Qa5 16. Ne2 Rac8 17. Ng3 Nb6 18. Ng5 Nxg5 19. Bxg5 Nc4 20. a4 Rb8 21. Bf4 Rb2 22. h3 Qb4 23. e4 g6 24. e5 Rb3 25. Qc2 Re7 26. Rab1 Rb7 27. Rxb3 Qxb3 28. Ne2 Qxc2 29. Rxc2 Rb1+ 30. Kh2 Ra1 31. Nc3 Bb4 32. Na2 Be7 33. g3 Kf8 34. Kg2 Ke8 35. Kf3 Rb1 36. Ke2 Kd7 37. Nc3 Rb3 38. Bd2 Bb4 39. Be1 Bxc3 40. Rxc3 Rxc3 41. Bxc3 Nb6 42. a5 Nc4 43. Kf3 Ke6 44. Kf4 h6 45. Bb4 a6 46. h4 h5 47. Kg5 Nb2 48. Bc3 Nd1 49. f3 Nxc3 0-1


[Site "https://www.chess.com"]

[Event "Titled Tuesday Blitz June 28 Early 2022"]
[White "Bringas Gomez, Artai"]
[Black "Vifleemskaia, Svetlana"]
[WhiteFideId "24534064"]
[BlackFideId "4129490"]
[WhiteElo "1988"]
[BlackElo "1929"]
[Result "1/2-1/2"]
[Round "03"]
[TimeControl "180+1"]
[Date "2022.06.28"]
[WhiteClock "0:00:11"]
[BlackClock "0:00:11"]

1. e4 e5 2. Nf3 Nc6 3. Bb5 a6 4. Ba4 Nf6 5. d3 b5 6. Bb3 Be7 7. O-O O-O 8. a4 Rb8 9. axb5 axb5 10. Nc3 d6 11. Bg5 h6 12. Bh4 b4 13. Bxf6 Bxf6 14. Nd5 Be6 15. c3 bxc3 16. bxc3 Bxd5 17. Bxd5 Ne7 18. Bb3 d5 19. Qc2 c6 20. Rfe1 Qc7 21. d4 dxe4 22. Rxe4 exd4 23. cxd4 Rb4 24. Rae1 Rfb8 25. Ba2 Rb2 26. Qc4 Nd5 27. Re8+ Rxe8 28. Rxe8+ Kh7 29. Qd3+ g6 30. Qa3 Rb8 31. Qf8 Rxe8 32. Qxe8 Qe7 33. Qxc6 Nb4 34. Qc4 Nxa2 35. Qxa2 Bxd4 36. h4 Bf6 37. h5 Qc7 38. hxg6+ fxg6 39. Qe6 Kg7 40. g3 h5 41. Kg2 Qb7 42. Qc4 g5 43. g4 h4 44. Qd3 Qc8 45. Kh3 Qc1 46. Kg2 Qf4 47. Qf5 Qxf5 48. gxf5 g4 49. Nh2 Kh6 50. Nxg4+ Kg5 51. Ne3 Bd4 52. Nc2 Bxf2 53. Kxf2 Kxf5 54. Ne3+ Kf4 55. Nf1 Kg4 56. Kg2 Kf4 57. Kh2 Kg5 58. Kg2 Kg4 59. Kh2 h3 60. Kh1 Kg5 61. Kh2 Kg6 62. Ne3 Kg7 63. Nf5+ Kf7 64. Ng7 Kf6 65. Kxh3 1/2-1/2


[Site "https://www.chess.com"]

[Event "Titled Tuesday Blitz June 28 Early 2022"]
[White "Bychkov, Vladimir"]
[Black "Ghazarian, Kirk"]
[WhiteFideId "24151513"]
[BlackFideId "30908604"]
[WhiteElo "2197"]
[BlackElo "2003"]
[Result "0-1"]
[Round "03"]
[TimeControl "180+1"]
[Date "2022.06.28"]
[WhiteClock "0:00:05"]
[BlackClock "0:00:05"]

1. c4 c6 2. g3 d5 3. Qc2 g6 4. Bg2 Bg7 5. Nf3 Nf6 6. O-O O-O 7. d4 Bf5 8. Qb3 dxc4 9. Qxc4 Nbd7 10. Nc3 Ne4 11. Rd1 Nxc3 12. bxc3 Be4 13. Ba3 Nb6 14. Qb3 Bd5 15. Qc2 Nc4 16. Bc1 f5 17. Nd2 Bxg2 18. Kxg2 Qd5+ 19. e4 fxe4 20. Qxe4 Nxd2 21. Qxd5+ cxd5 22. Bxd2 Rfc8 23. Rab1 b6 24. Rb5 e6 25. a4 Rc6 26. Ra1 Rb8 27. a5 a6 28. Rxb6 Rbxb6 29. axb6 Rxb6 30. Kf3 Kf7 31. Ke2 Ke8 32. Kd3 Kd7 33. h4 h5 34. f3 Bf6 35. g4 hxg4 36. fxg4 Bxh4 37. Rh1 g5 38. Rf1 Ke7 39. Bc1 Rb3 40. Kc2 Rb6 41. Ba3+ Kd7 42. Rf7+ Kc6 43. Bc5 Rb7 44. Rf6 Kd7 45. Rf7+ Kc8 46. Rf6 Kd7 47. Rf7+ Kc6 48. Rf6 Kb5 49. Rxe6 Bg3 50. Kd3 a5 51. Re2 Kc6 52. Ra2 Bc7 53. Be7 Rb1 54. Bxg5 Rg1 55. Be3 Rxg4 56. c4 Rg3 57. cxd5+ Kxd5 58. Rb2 Bf4 59. Rb5+ Kd6 60. Rxa5 Rxe3+ 61. Kc4 Re1 62. Ra6+ Kd7 63. Rf6 Bc7 64. Rf7+ Kc6 65. Rf6+ Bd6 66. d5+ Kd7 67. Rf7+ Be7 68. Rh7 Re4+ 69. Kd3 Rg4 70. Rh6 Ra4 71. Rb6 Bc5 72. Rg6 Rd4+ 73. Kc3 Rxd5 74. Rg7+ Kc6 75. Rg6+ Bd6 76. Rh6 Rg5 77. Kd4 Rg4+ 78. Kd3 Kd5 79. Rh5+ Be5 80. Ke2 Rg3 81. Kd2 Ke4 82. Kc2 Rf3 83. Rh4+ Kd5 84. Rg4 Bd4 85. Rh4 Kc4 86. Kd1 Rf2 87. Ke1 Ra2 88. Rh7 Kd3 89. Kf1 Rf2+ 90. Ke1 Rf6 91. Re7 Bc3+ 92. Kd1 Rf1+ 0-1


[Site "https://www.chess.com"]

[Event "Titled Tuesday Blitz June 28 Early 2022"]
[White "Chen, Qi b"]
[Black "Urbina Perez, Juan Antonio"]
[WhiteFideId "8614733"]
[BlackFideId "2217368"]
[WhiteElo "2432"]
[BlackElo "2192"]
[Result "1-0"]
[Round "03"]
[TimeControl "180+1"]
[Date "2022.06.28"]
[WhiteClock "0:00:37"]
[BlackClock "0:01:15"]

1. d4 d5 2. c4 c6 3. Nf3 Nf6 4. Nc3 a6 5. e3 Bf5 6. b3 e6 7. Bb2 Nbd7 8. Be2 Bd6 9. O-O Qe7 10. h3 Ba3 11. Qc1 Bxb2 12. Qxb2 h6 13. Rae1 O-O 14. Nd2 Rfe8 15. Bf3 Rac8 16. e4 dxe4 17. Ndxe4 Nxe4 18. Nxe4 Bxe4 19. Rxe4 Nf6 20. Re3 a5 21. d5 cxd5 22. cxd5 e5 23. Rd1 Qd6 24. Qd2 Rc5 25. b4 axb4 26. Qxb4 e4 27. Be2 Rd8 28. Qxb7 Rxd5 29. Rxd5 Nxd5 30. Rg3 Rb8 31. Qa7 h5 32. Bxh5 Rb1+ 33. Kh2 Qe6 34. Qd4 Nf6 35. Be2 Qd5 36. Qxf6 1-0


[Site "https://www.chess.com"]

[Event "Titled Tuesday Blitz June 28 Early 2022"]
[White "Ciuffoletti, Paolo"]
[Black "Kozlov, Oleg"]
[WhiteFideId "807630"]
[BlackFideId "4104544"]
[WhiteElo "2143"]
[BlackElo "2132"]
[Result "0-1"]
[Round "03"]
[TimeControl "180+1"]
[Date "2022.06.28"]
[WhiteClock "0:00:20"]
[BlackClock "0:01:12"]

1. e4 c6 2. d4 d5 3. exd5 cxd5 4. c4 Nf6 5. Nc3 g6 6. Qb3 Bg7 7. cxd5 O-O 8. Be2 Na6 9. Bf3 b5 10. a3 Rb8 11. Nge2 Nc7 12. Bf4 Rb6 13. O-O Bb7 14. d6 exd6 15. Bxb7 Rxb7 16. d5 Re8 17. Nd4 Nfxd5 18. Nc6 Qd7 19. Nxd5 Qxc6 20. Nb4 Qd7 21. Rad1 Be5 22. Bxe5 Rxe5 23. Rd3 Ne6 24. Rfd1 Nc5 25. Qc3 Nxd3 26. Rxd3 Rc7 27. Qd2 Qe6 28. h3 Re1+ 29. Kh2 Qe5+ 30. g3 Rcc1 31. Nd5 Rh1+ 32. Kg2 Qe4+ 33. f3 Qe6 34. Re3 Qxh3+ 0-1


[Site "https://www.chess.com"]

[Event "Titled Tuesday Blitz June 28 Early 2022"]
[White "Costachi, Mihnea"]
[Black "Johnson, Donald"]
[WhiteFideId "1217518"]
[BlackFideId "30949122"]
[WhiteElo "2476"]
[BlackElo "1724"]
[Result "1-0"]
[Round "03"]
[TimeControl "180+1"]
[Date "2022.06.28"]
[WhiteClock "0:00:13"]
[BlackClock "0:00:01"]

1. b3 Nf6 2. Bb2 g6 3. Nf3 Bg7 4. e3 O-O 5. Be2 c5 6. O-O Nc6 7. d4 cxd4 8. exd4 d5 9. c4 dxc4 10. bxc4 Ne8 11. Na3 Nd6 12. Qc1 Nf5 13. d5 Ncd4 14. Nxd4 Nxd4 15. Qd2 Qb6 16. Rab1 Bf5 17. Bxd4 Qxd4 18. Qxd4 Bxd4 19. Rxb7 Rfb8 20. Rb3 Bc5 21. Nb5 a6 22. Nc3 Bc2 23. Rxb8+ Rxb8 24. Rc1 Rb2 25. g4 Bd4 26. Nd1 Rxa2 27. Ne3 Be4 28. Kf1 Bc5 29. Nd1 Rc2 30. Ra1 Bd6 31. f3 Bxd5 32. cxd5 a5 33. Rxa5 Rd2 34. h3 Kg7 35. Ra4 Kf6 36. Ne3 Kg5 37. Ng2 Rb2 38. h4+ Kf6 39. Re4 Kg7 40. Ne3 Bc5 41. Nc4 Rb1+ 42. Kg2 Rg1+ 43. Kh2 Ra1 44. h5 Ra2 45. Kh3 gxh5 46. gxh5 Kh6 47. Kg4 Ra1 48. Ne5 Rg1+ 49. Kh3 Kxh5 50. f4+ Kh6 51. Nxf7+ Kg7 52. Ng5 Kg6 53. Bd3 Ra1 54. Rxe7+ Kh5 55. Rxh7# 1-0


[Site "https://www.chess.com"]

[Event "Titled Tuesday Blitz June 28 Early 2022"]
[White "Coto Mederos, Michel"]
[Black "Bolanos, Fernando"]
[WhiteFideId "3508528"]
[BlackFideId "3304094"]
[WhiteElo "2427"]
[BlackElo "2048"]
[Result "0-1"]
[Round "03"]
[TimeControl "180+1"]
[Date "2022.06.28"]
[WhiteClock "0:00:02"]
[BlackClock "0:00:15"]

1. d4 Nf6 2. Bg5 Ne4 3. Bf4 c5 4. f3 Qa5+ 5. c3 Nf6 6. d5 e6 7. e4 exd5 8. exd5 d6 9. Na3 Be7 10. Bb5+ Bd7 11. Bxd7+ Nbxd7 12. Ne2 O-O 13. O-O Nh5 14. Be3 Rfe8 15. Qd2 b5 16. Rfe1 g6 17. Nf4 Ng7 18. g4 Ne5 19. Kg2 b4 20. cxb4 cxb4 21. Ne2 Bh4 22. Rec1 Qa6 23. Nb1 Nc4 24. Rxc4 Qxc4 25. b3 Qb5 26. a4 Qa6 27. Nd4 Bf6 28. Ra2 h5 29. Nb5 Rac8 30. Rc2 Rxc2 31. Qxc2 Rxe3 32. Qd2 Rxb3 33. Qc2 Rxb1 34. Qxb1 Qxa4 35. Qd3 b3 36. Nxd6 hxg4 37. Kg3 gxf3 38. Kxf3 b2 39. Ne4 Be5 40. Qb1 Qa1 41. Qc2 b1=Q 42. Qc8+ Ne8 43. Qh3 Qa3+ 0-1


[Site "https://www.chess.com"]

[Event "Titled Tuesday Blitz June 28 Early 2022"]
[White "Cruz Ravina, Francisco Javier"]
[Black "Shimanov, Aleksandr"]
[WhiteFideId "2228939"]
[BlackFideId "4198603"]
[WhiteElo "2622"]
[BlackElo "2605"]
[Result "0-1"]
[Round "03"]
[TimeControl "180+1"]
[Date "2022.06.28"]
[WhiteClock "0:00:01"]
[BlackClock "0:00:38"]

1. e4 e6 2. d4 d5 3. Bd3 dxe4 4. Bxe4 Nf6 5. Bd3 c5 6. dxc5 Bxc5 7. Nf3 O-O 8. O-O b6 9. Qe2 Bb7 10. Nc3 Nbd7 11. Bg5 Be7 12. Rad1 a6 13. Ne4 Qc7 14. Nxf6+ Nxf6 15. c4 Qc6 16. b3 Rfd8 17. Bb1 b5 18. cxb5 axb5 19. Rxd8+ Rxd8 20. Rd1 Rxd1+ 21. Qxd1 b4 22. Bxf6 Bxf6 23. Qc2 g6 24. Qxc6 Bxc6 25. Bd3 Bc3 26. Kf1 Kg7 27. Ke2 f5 28. g3 e5 29. Nd2 e4 30. Bc4 Kf6 31. Nf1 g5 32. Ne3 Ke5 33. Nc2 f4 34. gxf4+ gxf4 35. a4 bxa3 36. Nxa3 f3+ 37. Kf1 h6 38. Nc2 Bd7 39. Ne3 Bh3+ 40. Kg1 Bd2 41. Nc2 Kf4 42. b4 e3 43. fxe3+ Bxe3+ 44. Nxe3 Kxe3 45. b5 f2+ 46. Kh1 Kd2 47. b6 Ke1 48. b7 f1=Q+ 49. Bxf1 Kxf1 50. b8=Q Bg2# 0-1


[Site "https://www.chess.com"]

[Event "Titled Tuesday Blitz June 28 Early 2022"]
[White "D`Arruda, Ricardo D."]
[Black "Averjanov, Alexey"]
[WhiteFideId "100692"]
[BlackFideId "14109867"]
[WhiteElo "2494"]
[BlackElo "2715"]
[Result "0-1"]
[Round "03"]
[TimeControl "180+1"]
[Date "2022.06.28"]
[WhiteClock "0:01:29"]
[BlackClock "0:02:16"]

1. d4 d5 2. Nf3 Nf6 3. Bf4 e6 4. e3 c5 5. c3 Bd6 6. Nbd2 Qc7 7. Bg3 Nbd7 8. Bd3 O-O 9. O-O e5 10. dxe5 Nxe5 11. Nxe5 Bxe5 12. Nf3 Bxg3 13. hxg3 b6 14. Qe2 Bb7 15. Ba6 Bc6 16. Bb5 Bb7 17. Ba6 Rad8 18. Bxb7 Qxb7 19. Rad1 Rd6 20. Rd2 Rfd8 21. Rfd1 Ne4 22. Rd3 Kf8 23. c4 dxc4 24. Rxd6 Rxd6 25. Rxd6 Nxd6 26. Ne5 Qd5 27. f4 f6 28. Qf3 Qxf3 29. Nxf3 Ne4 30. g4 Ke7 31. Kf1 c3 32. bxc3 Nxc3 33. a3 Nb5 0-1


[Site "https://www.chess.com"]

[Event "Titled Tuesday Blitz June 28 Early 2022"]
[White "Daneshvar, Bardiya"]
[Black "Piesik, Piotr"]
[WhiteFideId "12576468"]
[BlackFideId "1136194"]
[WhiteElo "2303"]
[BlackElo "2247"]
[Result "1-0"]
[Round "03"]
[TimeControl "180+1"]
[Date "2022.06.28"]
[WhiteClock "0:01:10"]
[BlackClock "0:00:15"]

1. b3 d5 2. Bb2 c5 3. e3 a6 4. Nf3 Nc6 5. d4 Bg4 6. dxc5 e6 7. h3 Bh5 8. a3 Nf6 9. b4 Be7 10. Nbd2 O-O 11. c4 a5 12. b5 Nb8 13. cxd5 Nxd5 14. Rc1 a4 15. Ne4 Bxf3 16. gxf3 f5 17. Rg1 Rf7 18. Nd2 Nd7 19. c6 bxc6 20. Rxc6 N7f6 21. Rxe6 Qa5 22. Bc4 Kh8 23. Rc6 Rd8 24. Qc2 Rff8 25. Be5 Bxa3 26. Ra6 Nb4 27. Qc3 Nd3+ 28. Ke2 Bb4 29. Rxa5 Bxc3 30. Bxc3 1-0


[Site "https://www.chess.com"]

[Event "Titled Tuesday Blitz June 28 Early 2022"]
[White "Dankhazi, Andras"]
[Black "Terry, Renato"]
[WhiteFideId "714267"]
[BlackFideId "3803457"]
[WhiteElo "2325"]
[BlackElo "2577"]
[Result "0-1"]
[Round "03"]
[TimeControl "180+1"]
[Date "2022.06.28"]
[WhiteClock "0:00:16"]
[BlackClock "0:01:14"]

1. g3 d5 2. Nf3 Nf6 3. Bg2 c6 4. O-O Bg4 5. h3 Bxf3 6. Bxf3 e5 7. d3 Nbd7 8. Nd2 Be7 9. e4 dxe4 10. dxe4 O-O 11. Qe2 Qc7 12. Rd1 Nc5 13. Nc4 Rfd8 14. Bg5 Ne6 15. Bxf6 Bxf6 16. c3 b5 17. Ne3 Nc5 18. Rxd8+ Rxd8 19. Rd1 g6 20. h4 h5 21. Qc2 a5 22. Kf1 Rd7 23. Ke2 Bg7 24. Rxd7 Qxd7 25. Qd1 Qe7 26. Kf1 Bh6 27. Nc2 Na4 28. Na3 Nxb2 29. Qb3 Nd3 30. c4 Nc5 31. Qd1 Ne6 32. Qd3 b4 33. Nc2 Nc5 34. Qd1 Kg7 35. Kg2 Qe6 36. Qe2 Qd6 37. Ne1 Qd2 38. Nc2 Qxe2 39. Bxe2 Nxe4 40. Bf3 Nc3 41. Bxc6 Nxa2 42. c5 b3 43. Na3 Bc1 44. Nb1 Nb4 45. Ba4 b2 46. c6 Nd5 47. Kf3 f5 48. Ke2 Kf6 49. Kd3 Ke7 50. Kc4 Kd6 51. Kb5 e4 52. Kxa5 e3 53. fxe3 Bxe3 54. Kb5 Bf2 55. Kc4 Nb6+ 56. Kb5 Nxa4 0-1


[Site "https://www.chess.com"]

[Event "Titled Tuesday Blitz June 28 Early 2022"]
[White "De La Colina, Nicolas"]
[Black "Xu, Yi"]
[WhiteFideId "30946921"]
[BlackFideId "8605564"]
[WhiteElo "2046"]
[BlackElo "2471"]
[Result "1-0"]
[Round "03"]
[TimeControl "180+1"]
[Date "2022.06.28"]
[WhiteClock "0:00:11"]
[BlackClock "0:00:06"]

1. e4 c5 2. c3 Nf6 3. e5 Nd5 4. Bc4 Nb6 5. Bb3 Nc6 6. d4 cxd4 7. Nf3 d5 8. exd6 Qxd6 9. O-O d3 10. Na3 a6 11. Be3 Nd5 12. Qxd3 Nxe3 13. Qxe3 e6 14. Nc4 Qc5 15. Qe4 Be7 16. Bc2 Qh5 17. Nb6 Rb8 18. Ba4 O-O 19. Bxc6 bxc6 20. Nxc8 Rfxc8 21. b3 Qd5 22. Rfe1 Bf6 23. Rac1 c5 24. c4 Qxe4 25. Rxe4 Rd8 26. Kf1 a5 27. Ke2 a4 28. Re3 Rb4 29. Rc2 Rdb8 30. Nd2 h5 31. Rd3 Bd4 32. f4 f6 33. Kf3 Kf7 34. Ke4 f5+ 35. Kf3 Kf6 36. bxa4 Rxa4 37. Nb3 e5 38. fxe5+ Kxe5 39. Re2+ Kf6 40. Nxd4 cxd4 41. Rxd4 Ra3+ 42. Kf2 Rba8 43. Rdd2 Rc3 44. Rc2 Rd3 45. Red2 Rda3 46. g3 Ke5 47. c5 Rc8 48. c6 Ra6 49. Re2+ Kd6 50. Red2+ Ke6 51. Re2+ Kd6 52. Red2+ Ke7 53. Rd7+ Ke6 54. Rxg7 Rcxc6 55. Rxc6+ Rxc6 56. Rg6+ Kd5 57. Rxc6 Kxc6 58. Kf3 Kd5 59. Kf4 1-0


[Site "https://www.chess.com"]

[Event "Titled Tuesday Blitz June 28 Early 2022"]
[White "De Silva, L M S T"]
[Black "Krallis, Christos"]
[WhiteFideId "9953698"]
[BlackFideId "4298896"]
[WhiteElo "1631"]
[BlackElo "2234"]
[Result "0-1"]
[Round "03"]
[TimeControl "180+1"]
[Date "2022.06.28"]
[WhiteClock "0:00:58"]
[BlackClock "0:00:29"]

1. b3 c5 2. Bb2 Nc6 3. f4 Nf6 4. Nf3 g6 5. g3 Bg7 6. Bg2 O-O 7. O-O d6 8. Qe1 Re8 9. e4 e5 10. fxe5 dxe5 11. d3 Nd4 12. Nxd4 exd4 13. h3 Nd5 14. exd5 Rxe1 15. Rxe1 Bh6 16. Bc1 Bxc1 17. Rxc1 Qd6 18. Nd2 Qxg3 19. Ne4 Qe3+ 20. Kh2 Qf4+ 21. Kh1 Bf5 22. Nxc5 Re8 23. Ne4 Bxe4 24. dxe4 Rxe4 25. Rf1 Qe5 26. Bxe4 Qxe4+ 27. Kh2 Qxc2+ 28. Kg1 d3 29. Rad1 Qc5+ 30. Rf2 Qxd5 31. Rfd2 Qg5+ 32. Kh2 Qf4+ 33. Kg2 Qe4+ 34. Kh2 h5 35. a4 Qe5+ 36. Kg2 Qd5+ 37. Kh2 Qxb3 38. Rxd3 Qxa4 39. Rd7 Qf4+ 40. Kg2 h4 41. R1d3 Qe4+ 42. Kf2 a5 43. R7d4 Qe7 44. Rf3 Qc5 45. Rf4 g5 46. Re4 f5 47. Re8+ Kf7 48. Rd8 a4 49. Ke2 a3 50. R8d5 Qc2+ 51. Ke3 Qc3+ 52. Rd3 Qe1+ 53. Kd4 a2 54. Rxf5+ Kg6 55. Ra5 Qxa5 0-1


[Site "https://www.chess.com"]

[Event "Titled Tuesday Blitz June 28 Early 2022"]
[White "Deac, Bogdan-Daniel"]
[Black "Dobre, Claudiu-Cristian"]
[WhiteFideId "1226380"]
[BlackFideId "1211854"]
[WhiteElo "2648"]
[BlackElo "2207"]
[Result "1-0"]
[Round "03"]
[TimeControl "180+1"]
[Date "2022.06.28"]
[WhiteClock "0:00:25"]
[BlackClock "0:00:03"]

1. e4 Nc6 2. Nf3 d6 3. d4 Nf6 4. c3 e5 5. Bb5 Bd7 6. Nbd2 a6 7. Ba4 b5 8. Bb3 Na5 9. dxe5 Nxb3 10. Qxb3 Ng4 11. exd6 Bxd6 12. h3 Ne5 13. Nxe5 Bxe5 14. Nf3 Be6 15. Qc2 f6 16. O-O O-O 17. Be3 Qe7 18. a4 b4 19. cxb4 Bd6 20. Nd4 Bd7 21. b5 axb5 22. axb5 Rxa1 23. Rxa1 Re8 24. Ra7 Qe5 25. b6 Qh2+ 26. Kf1 Qh1+ 27. Ke2 Qxg2 28. bxc7 Bxh3 29. Qc4+ Kh8 30. Qc6 Qf1+ 31. Kd2 Bb4+ 32. Kc2 Rc8 33. Ra8 Qg2 34. Rxc8+ 1-0


[Site "https://www.chess.com"]

[Event "Titled Tuesday Blitz June 28 Early 2022"]
[White "Delorme, Alban"]
[Black "Pourkashiyan, Atousa"]
[WhiteFideId "623636"]
[BlackFideId "12502014"]
[WhiteElo "2197"]
[BlackElo "2247"]
[Result "0-1"]
[Round "03"]
[TimeControl "180+1"]
[Date "2022.06.28"]
[WhiteClock "0:00:10"]
[BlackClock "0:00:20"]

1. e4 c5 2. Nf3 e6 3. c3 Nf6 4. e5 Nd5 5. d4 cxd4 6. Bc4 dxc3 7. Bxd5 exd5 8. Nxc3 d6 9. Qxd5 Nc6 10. Bg5 Qb6 11. exd6 Qxb2 12. O-O Be6 13. Qb5 Qxc3 14. Qxb7 Rb8 15. Qc7 Rc8 16. d7+ Bxd7 17. Rfe1+ Be7 18. Qd6 Be6 19. Bxe7 Nxe7 20. Ne5 Nf5 21. Qd1 O-O 22. Qg4 Ne3 23. Qf4 Nc2 24. Rac1 Qxe1+ 25. Rxe1 Nxe1 26. h3 Rfe8 27. Qe3 Nc2 28. Qxa7 Nd4 29. Qxd4 Bxa2 30. f4 Be6 31. Kh2 Rcd8 32. Qe3 h6 33. Qg3 Bd5 34. Ng4 Re2 35. Nxh6+ Kh7 36. Ng4 Rxg2+ 37. Qxg2 Bxg2 38. Kxg2 f6 39. Kg3 Rd3+ 40. Kg2 Ra3 41. Nf2 Kg6 42. Kh2 Kf5 43. Ng4 Kxf4 44. Kg2 Rg3+ 45. Kh2 Rxg4 46. hxg4 Kxg4 0-1


[Site "https://www.chess.com"]

[Event "Titled Tuesday Blitz June 28 Early 2022"]
[White "Dobrikov, Marco"]
[Black "Silva Lucena, Cristian"]
[WhiteFideId "12950378"]
[BlackFideId "2232588"]
[WhiteElo "2101"]
[BlackElo "2223"]
[Result "1-0"]
[Round "03"]
[TimeControl "180+1"]
[Date "2022.06.28"]
[WhiteClock "0:02:02"]
[BlackClock "0:00:19"]

1. e4 c5 2. Nf3 d6 3. d4 cxd4 4. Nxd4 Nf6 5. Nc3 a6 6. h3 e5 7. Nde2 h5 8. Bg5 Be6 9. Bxf6 Qxf6 10. Nd5 Qd8 11. Qd3 g6 12. O-O-O Nc6 13. Kb1 Rc8 14. Nec3 Bh6 15. h4 O-O 16. f3 b5 17. Be2 b4 18. Na4 Nd4 19. c4 bxc3 20. Naxc3 Qa5 21. Qxa6 Qxa6 22. Bxa6 Ra8 23. Bc4 Rfb8 24. b3 Ra7 25. Kb2 Kf8 26. a4 Bg7 27. Ka3 Nc2+ 28. Kb2 Nd4 29. Nb5 Nxb5 30. Bxb5 Bxd5 31. Rxd5 Ke7 32. Rhd1 Rb6 33. b4 Rab7 34. Rc1 Bh6 35. Rc8 Be3 36. Kb3 Bd4 37. Rc6 Rxc6 38. Bxc6 Ra7 39. a5 f5 40. Rb5 fxe4 41. Bxe4 Kf6 42. Rd5 Ra6 43. Ka4 Bc3 44. Rd3 Be1 45. Rd1 Bc3 46. Rc1 Bd2 47. Rc2 Be1 48. Bd3 Ra7 49. a6 d5 50. b5 Bf2 51. Rxf2 1-0


[Site "https://www.chess.com"]

[Event "Titled Tuesday Blitz June 28 Early 2022"]
[White "Donatti, Alvaro"]
[Black "Di Nicolantonio, Lucas"]
[WhiteFideId "3000303"]
[BlackFideId "680460"]
[WhiteElo "2138"]
[BlackElo "2381"]
[Result "0-1"]
[Round "03"]
[TimeControl "180+1"]
[Date "2022.06.28"]
[WhiteClock "0:00:05"]
[BlackClock "0:00:15"]

1. e4 c5 2. Nf3 e6 3. d4 cxd4 4. Nxd4 a6 5. g3 b5 6. Bg2 Bb7 7. O-O Ne7 8. Be3 Nbc6 9. a3 Ng6 10. Nc3 Rc8 11. Qe2 Be7 12. Rad1 O-O 13. f4 Nxd4 14. Bxd4 f5 15. exf5 Bxg2 16. Kxg2 Rxf5 17. Ne4 Qc7 18. c3 Rcf8 19. Kg1 h5 20. b4 h4 21. Qg4 Kh7 22. Ng5+ Bxg5 23. fxg5 Kg8 24. Rxf5 Rxf5 25. gxh4 Rf4 26. Qg3 e5 27. Be3 Rxh4 28. Qf3 e4 29. Qf2 Rg4+ 30. Kh1 Nh4 31. Rf1 Nf3 32. Qc2 Rh4 33. Bg1 Qf4 34. Qf2 d5 35. Qc5 Rxh2+ 0-1


[Site "https://www.chess.com"]